 Dungeon Crawl Stone Soup version 0.30.1-11-g7821555f0a (webtiles) character file.

Game seed: 17562368758039377175

689 lonewolfV2 the Ducker (level 7, 0/63 HPs)
             Began as a Minotaur Fighter on Nov 3, 2023.
             Slain by a gnoll
             ... wielding a +0 halberd
             ... led by a gnoll bouda
              (9 damage)
             ... on level 5 of the Dungeon on Nov 5, 2023.
             The game lasted 00:07:21 (3801 turns).

lonewolfV2 the Ducker (Minotaur Fighter)            Turns: 3801, Time: 00:07:21

Health: 0/63       AC:  7    Str: 21    XL:     7   Next: 36%
Magic:  0/6        EV:  9    Int:  5    God:
Gold:   317        SH: 12    Dex: 11    Spells: 6/6 levels left

rFire   . . .        a - +2 war axe (vamp)
rCold   . . .        o - +0 tower shield
rNeg    . . .        b - +0 scale mail
rPois   .            (helmet restricted)
rElec   .            (no cloak)
rCorr   .            (no gloves)
SInv    .            (no boots)
Will    .....        n - amulet of guardian spirit Stlth
                     (no ring)
HPRegen 0.30/turn    (no ring)
MPRegen 0.10/turn

%: guardian spirit
@: no status effects
A: horns 2, retaliatory headbutt
a: no special abilities


You were on level 5 of the Dungeon.
You visited 1 branch of the dungeon, and saw 5 of its levels.

You collected 317 gold pieces.

Inventory:

Hand Weapons
 a - a +2 vampiric war axe (weapon)
Armour
 b - a +0 scale mail (worn)
 c - a +0 buckler
 o - a +0 tower shield (worn)
Jewellery
 l - an amulet of faith
 n - an amulet of guardian spirit (around neck)
Wands
 f - a wand of quicksilver (12)
 j - a wand of flame (6)
Scrolls
 p - a scroll of teleportation {unknown}
Potions
 d - 2 potions of might
 e - a potion of heal wounds
 g - a potion of curing {unknown}
 h - a potion of attraction
 i - 3 potions of lignification
 k - a potion of cancellation {unknown}
 m - 2 potions of resistance {unknown}
 q - a potion of ambrosia {unknown}


   Skills:
 + Level 6.0 Fighting
 - Level 2.4 Axes
 + Level 6.0 Armour
 * Level 6.1 Dodging
 - Level 3.6 Shields


You had 6 spell levels left.
You didn't know any spells.
Your spell library contained the following spells:

 Spells                   Type           Power      Damage    Failure   Level
 Apportation              Tloc           0%         N/A       100%        1
 Necrotise                Necr           0%         1d4       100%        1
 Summon Small Mammal      Summ           0%         N/A       100%        1
 Poisonous Vapours        Pois/Air       0%         N/A       100%        2
 Scorch                   Fire           0%         2d5       100%        2
 Gell's Gravitas          Tloc           0%         N/A       100%        3
 Mephitic Cloud           Conj/Pois/Air  0%         N/A       100%        3
 Teleport Other           Tloc           0%         N/A       100%        3
 Tukima's Dance           Hex            0%         N/A       100%        3
 Flame Wave               Conj/Fire      0%         2d4       100%        4
 Passage of Golubria      Tloc           0%         N/A       100%        4
 Freezing Cloud           Conj/Ice/Air   0%         6-21      100%        5
 Yara's Violent Unravell  Hex/Tmut       0%         3d3       100%        5
 Dispersal                Tloc           0%         N/A       100%        6
 Summon Cactus Giant      Summ           0%         N/A       100%        6


Dungeon Overview and Level Annotations

Branches:
Dungeon (5/15)
 Temple: D:4-7

Altars:
Ashenzari
Nemelex Xobeh
Zin


Innate Abilities, Weirdness & Mutations

You have a pair of horns on your head.
You reflexively headbutt those who attack you in melee.


Message History

The gnoll is moderately wounded.
You hit the gnoll bouda. x2; You hit the gnoll.
You block the gnoll bouda's attack. The gnoll completely misses you.
The gnoll hits you with a +0 spear of freezing.
The gnoll freezes you. The gnoll barely misses you.
The gnoll bouda barely misses you. You block the gnoll's attack.
The gnoll barely misses you.
The gnoll hits you with a +0 spear of freezing.
The gnoll freezes you. You block the gnoll bouda's attack.
The gnoll bouda closely misses you.
The gnoll hits you from afar with a +0 halberd!
The gnoll hits you but does no damage.
You barely miss the gnoll. Your headbutt misses the gnoll.
The gnoll is moderately wounded.
You hit the gnoll bouda but do no damage.
You closely miss the gnoll. You hit the gnoll bouda.
You feel better.
Your attacks no longer feel as feeble.
The gnoll bouda calls upon its god to heal the gnoll bouda.
The gnoll bouda is healed somewhat.
You block the gnoll's attack. x3
The gnoll bouda hits you but does no damage.
The gnoll closely misses you. You furiously retaliate!
You headbutt the gnoll. The gnoll closely misses you.
The gnoll hits you with a +0 spear of freezing.
The gnoll freezes you.
The gnoll bouda calls upon its god to heal the gnoll bouda.
The gnoll bouda's wounds heal themselves!
The gnoll bouda hits you with a +0 club.
The gnoll barely misses you.
You hear a shout!
You hit the gnoll.
The gnoll is moderately wounded.
You barely miss the gnoll bouda. You closely miss the gnoll.
You closely miss the gnoll bouda. The gnoll hits you with a +0 club.
* * * LOW HITPOINT WARNING * * *
You block the gnoll bouda's attack. The gnoll barely misses you.
The gnoll hits you with a +0 spear of freezing.
* * * LOW HITPOINT WARNING * * *
The gnoll freezes you.
The gnoll hits you from afar with a +0 halberd!
You die...

######## ##.#
###......# ##..#
##........# #..##
##.........###.##
##.........###.##
##..........##.##
#.........).#.##
#..gg...†...## ##
#.g@.......## ##.
#g.g.......# ..###
#gg.........#
##..#####........##
###....# #........#
##......##
#........#
#....<...#
##......##
#.........#
#......#
#..........##
#......#


You could see 2 gnoll boudas and 5 gnolls.

Vanquished Creatures
  Grinder (D:4)
  An ogre (D:5)
  A hound (D:3)
  A gnoll bouda (D:4)
  An orc priest (D:3)
  An iguana (D:5)
  Jessica (D:2)
  2 sleepcaps (D:4)
  Terence (D:2)
  An orc wizard (D:3)
  5 gnolls (D:4)
  An adder (D:5)
  A worm (D:2)
  2 dart slugs
  11 orcs
  9 ball pythons
  5 bats
  10 endoplasms
  2 giant cockroaches
  9 hobgoblins
  15 jackals
  A quokka (D:4)
  A frilled lizard (D:1)
  4 goblins
  9 kobolds
  6 rats
102 creatures vanquished.

Notes
Turn   | Place    | Note
-------+----------+-------------------------------------------
     0 | D:1      | lonewolfV2 the Minotaur Fighter began the quest for the
                  | Orb.
     0 | D:1      | Reached XP level 1. HP: 19/19 MP: 0/0
    98 | D:1      | Reached skill level 1 in Dodging
   129 | D:1      | Reached XP level 2. HP: 19/27 MP: 1/1
   290 | D:1      | Reached XP level 3. HP: 33/33 MP: 2/2
   565 | D:2      | Noticed Jessica
   574 | D:2      | Killed Jessica
   626 | D:2      | Noticed Terence
   636 | D:2      | Killed Terence
   637 | D:2      | Reached XP level 4. HP: 21/41 MP: 3/3
   918 | D:2      | Found a sparkling altar of Nemelex Xobeh.
  1621 | D:3      | Reached XP level 5. HP: 47/47 MP: 4/4
  1782 | D:3      | Reached skill level 5 in Fighting
  2343 | D:4      | Found a broken altar of Ashenzari.
  2359 | D:4      | Reached skill level 5 in Armour
  2381 | D:4      | Noticed Grinder
  2388 | D:4      | Paralysed by Grinder for 2 turns
  2406 | D:4      | Killed Grinder
  2407 | D:4      | Reached skill level 5 in Dodging
  2407 | D:4      | Reached XP level 6. HP: 6/56 MP: 1/5
  2884 | D:4      | Reached XP level 7. HP: 13/62 MP: 1/6
  3528 | D:4      | Found a glowing silver altar of Zin.
  3697 | D:5      | Entered Level 5 of the Dungeon
  3801 | D:5      | Slain by a gnoll

Illustrated notes

Levels and vault maps discovered:
D:1:      doesnt_arrival_eight_statues, layout_basic
D:2:      layout_basic, basic_altar, uniq_jessica, uniq_terence
D:3:      layout_basic
D:4:      layout_rooms, mainiacjoe_overflow_alcove_4, evilmike_ruin_ashenzari,
          uniq_grinder
D:5:      layout_cave_pods, mainiacjoe_overflow_boulevard

Skill      XL: |  1  2  3  4  5  6  7 |
---------------+----------------------+-----
Dodging        | 1 2 3 5 6 |  6.1
Armour         | 4 5 6 |  6.0
Fighting       | 4 5 6 |  6.0
Axes           | |  2.4
Shields        | |  3.6

Action                     |  1- 3 |  4- 6 |  7- 9 || total
---------------------------+-------+-------+-------++-------
  Melee: War axe           |    57 |   106 |    39 ||   202
         Headbutt          |     7 |    12 |     7 ||    26
    Use: Scroll            |     4 |     5 |     1 ||    10
 Armour: Scale mail        |    31 |    56 |    14 ||   101
  Dodge: Dodged            |    24 |    62 |    32 ||   118
  Block: Buckler           |    12 |    18 |       ||    30
         Tower shield      |       |    25 |    43 ||    68
